 Dungeon Crawl Stone Soup version 0.28-a0-1236-gb25a51b929 (webtiles) character file.

Game seed: 13076424198838710850

3289 lunkers the Thaumaturge (level 10, 0/73 HPs)
             Began as a Djinni Cinder Acolyte on Dec 25, 2021.
             Was a High Priest of Ignis.
             Slain by a slime creature (10 damage)
             ... on level 6 of the Dungeon.
             The game lasted 00:10:15 (10524 turns).

lunkers the Thaumaturge (Djinni Cinder Acolyte)    Turns: 10524, Time: 00:10:16

Health: 0/73       AC:  3    Str: 13    XL:     10   Next: 20%
Gold:   360        EV: 11    Int: 21    God:    Ignis [*****.] SH:  0 Dex:  8

rFire   + + +      SeeInvis .   o - +2 quarterstaff (chaos)
rCold   . . .      Faith    .   (shield currently unavailable)
rNeg    . . .      Spirit   .   b - +0 robe
rPois   ∞          Reflect  .   (no helmet)
rElec   .          Harm     .   p - +0 cloak
rCorr   .          Rampage  .   (no gloves)
Will    +....                   (boots unavailable)
Stlth   +.........              (no amulet)
HPRegen 0.22/turn               m - ring of protection from cold
MPRegen 0.00/turn               (no ring)

@: flying
A: sickness immunity, fire resistance 2, cold vulnerability 1, float, innate
caster, hp casting, extra vitality 1
a: Renounce Religion, Fiery Armour, Foxfire Swarm, Rising Flame


You were on level 6 of the Dungeon.
You worshipped Ignis.
Ignis was extremely pleased with you.
You visited 1 branch of the dungeon, and saw 7 of its levels.

You collected 360 gold pieces.

Inventory:

Hand Weapons
 a - a -1 short sword of flaming
 d - a +0 dagger of protection
 e - a +2 whip of flaming
 o - a +2 quarterstaff of chaos (weapon)
Missiles
 v - a throwing net
Armour
 b - a +0 robe (worn)
 p - a +0 cloak (worn)
Jewellery
 m - a ring of protection from cold (left hand)
Wands
 k - a wand of polymorph (12)
Scrolls
 n - 3 scrolls of teleportation
 r - 2 scrolls of amnesia {unknown}
 u - a scroll of torment {unknown}
 w - a scroll of acquirement {unknown}
 x - a scroll of identify
Potions
 c - a potion of invisibility
 f - 2 potions of flight {unknown}
 g - 2 potions of heal wounds
 h - a potion of brilliance {unknown}
 i - a potion of berserk rage {unknown}
 j - 3 potions of curing
 l - 2 potions of haste
 q - 2 potions of lignification {unknown}
 s - a potion of degeneration {unknown}
 t - 2 potions of attraction {unknown}


   Skills:
 + Level 6.4 Fighting
 - Level 2.6 Short Blades
 * Level 10.0 Spellcasting


You had 18 spell levels left.
You knew the following spells:

 Your Spells              Type           Power      Damage    Failure   Level
a - Magic Dart            Conj           100%       1d8       1%          1
b - Poisonous Vapours     Pois/Air       100%       N/A       1%          2
c - Lesser Beckoning      Tloc           52%        N/A       1%          3
d - Spider Form           Tmut/Pois      52%        N/A       1%          3
p - Scorch                Fire           100%       2d10      1%          2
Your spell library was empty.

Dungeon Overview and Level Annotations

Branches:
Dungeon (7/15)             Temple (0/1) D:5

Altars:
Wu Jian


Innate Abilities, Weirdness & Mutations

You are immune to sickness and miasma.
You are immune to poison.
Your flesh is very heat resistant. (rF++)
You are vulnerable to cold. (rC-)
You float through the air rather than walking.
You learn spells naturally, not from books.
Your magical power is your life essence.
You have superior vitality. (+4 MHP)


Message History

The slime creature is lightly wounded.
The slime creature's fire resistance burns away.
Unknown command.
The slime creature is no longer more vulnerable to fire.
There is a stone staircase leading up here.
You can't go down here!
The slime creature hits you.
You fly upwards.
There is a stone staircase leading down here.
Casting: Scorch (safe; 1% risk of failure)
Press: ? - help, Q - select action, (/) - cycle Dir - look around, f - activate Flames lash the slime creature.
The slime creature is lightly wounded.
The slime creature's fire resistance burns away.
The slime creature hits you!!
* * * LOW HITPOINT WARNING * * *
Unknown command.
Casting: Scorch (safe; 1% risk of failure)
Press: ? - help, Q - select action, (/) - cycle Dir - look around, f - activate Flames lash the slime creature.
The slime creature is burned terribly!
The slime creature is moderately wounded.
* * * LOW HITPOINT WARNING * * *
The slime creature hits you!
* * * LOW HITPOINT WARNING * * *
Unknown command.
Casting: Scorch (safe; 1% risk of failure)
Press: ? - help, Q - select action, (/) - cycle Dir - look around, f - activate Flames lash the slime creature.
The slime creature is burned terribly!
The slime creature is heavily wounded.
* * * LOW HITPOINT WARNING * * *
The slime creature hits you!
* * * LOW HITPOINT WARNING * * *
You don't have enough health to cast this spell.
Unknown command.
The slime creature is no longer more vulnerable to fire.
A slime creature is nearby!
There is an open door here.
There is an open door here.
The slime creature hits you!
You die...

#....# #....#####.##### #....#
#..............#
###########....###........#.###.#
..........'....'.#........+.....#
###########.(..#.#........#.##..#
....# ######.#........#.....#
###.# #.###+#....####.## #.## #J#
#.#....# #.# #.J# #@# #.#....#
#.## ##.# #.###.#....# #... #.##
#.......#'## ####
#..##########..##.#.#.#
#####.#....)...........#.##
.........................>#
#...##..#####.###..#####.##
#...##..# #.# #[.#####.#
#...###.## #J# #........#


You could see a slime creature.

Vanquished Creatures
  Pikel (D:2)
  Sigmund (D:3)
  A wyvern (D:4)
  3 water moccasins
  3 sky beasts
  A necrophage (D:5)
  3 ogres
  2 phantoms (D:6)
  A lemure (D:3)
  A kobold brigand (D:3)
  A wyvern zombie (D:5)
  3 scorpions
  A water moccasin zombie (D:5)
  3 wights (D:6)
  A centaur zombie (D:6)
  5 hounds
  2 bullfrog zombies (D:5)
  2 jellies (D:4)
  Crazy Yiuf (D:3)
  3 bullfrog skeletons (D:5)
  2 gnoll shamans
  Terence (D:3)
  An orc wizard (D:4)
  4 iguanas
  A scorpion zombie (D:5)
  A killer bee zombie (D:5)
  A hound zombie (D:5)
  A howler monkey skeleton (D:5)
  12 gnolls
  11 adders
  A shadow imp (D:7)
  An adder zombie (D:5)
  An adder skeleton (D:4)
  A worm (D:2)
  A dart slug (D:4)
  7 orcs
  5 bats
  5 endoplasms
  3 giant cockroaches
  6 goblins
  8 hobgoblins
  A jackal (D:4)
  5 kobolds
  2 quokkas
  8 ball pythons
  A frilled lizard (D:2)
  2 rats
132 creatures vanquished.

Vanquished Creatures (others)
  A fungus (D:3)
  2 plants (D:4)
  A withered plant (D:5)
4 creatures vanquished.

Grand Total: 136 creatures vanquished

Notes
Turn   | Place    | Note
-------+----------+-------------------------------------------
     0 | D:1      | lunkers the Djinni Cinder Acolyte began the quest for the
                  | Orb.
     0 | D:1      | Reached XP level 1. HP: 20/20 MP: 0/0
   317 | D:1      | Found a faded altar of an unknown god.
   481 | D:1      | Reached XP level 2. HP: 25/25 MP: 0/0
  1106 | D:1      | Reached skill level 3 in Spellcasting
  1300 | D:2      | Reached XP level 3. HP: 16/30 MP: 0/0
  1300 | D:2      | Learned a level 1 spell: Magic Dart
  1840 | D:2      | Reached XP level 4. HP: 28/35 MP: 0/0
  2238 | D:3      | Noticed a kobold brigand
  2249 | D:3      | Killed a kobold brigand
  2250 | D:3      | Reached skill level 4 in Spellcasting
  2250 | D:3      | Reached XP level 5. HP: 10/40 MP: 0/0
  2250 | D:3      | Learned a level 2 spell: Poisonous Vapours
  2990 | D:3      | Noticed Sigmund
  3039 | D:3      | Killed Sigmund
  3040 | D:3      | Reached skill level 5 in Spellcasting
  3040 | D:3      | Reached XP level 6. HP: 21/46 MP: 0/0
  3302 | D:3      | Noticed Terence
  3316 | D:3      | Killed Terence
  3681 | D:3      | Found a runed translucent door.
  3682 | D:3      | Noticed Crazy Yiuf
  4040 | D:3      | Killed Crazy Yiuf
  4041 | D:3      | Reached XP level 7. HP: 33/50 MP: 0/0
  4041 | D:3      | Learned a level 3 spell: Lesser Beckoning
  4237 | D:4      | Noticed Pikel
  4498 | D:2      | Killed Pikel
  4499 | D:2      | Reached skill level 6 in Spellcasting
  4499 | D:2      | Reached XP level 8. HP: 20/56 MP: 0/0
  4838 | D:4      | Reached skill level 7 in Spellcasting
  5770 | D:4      | Noticed a wyvern
  5774 | D:4      | Killed a wyvern
  6378 | D:5      | Entered Level 5 of the Dungeon
  6480 | D:5      | Reached skill level 8 in Spellcasting
  6593 | D:5      | Reached XP level 9. HP: 38/62 MP: 0/0
  6593 | D:5      | Learned a level 3 spell: Spider Form
  7704 | D:5      | Found an ornate altar of the Wu Jian Council.
  7731 | D:5      | Found a staircase to the Ecumenical Temple.
  7844 | D:5      | Reached skill level 9 in Spellcasting
  8203 | D:5      | Reached skill level 5 in Fighting
  8853 | D:6      | Reached XP level 10. HP: 37/72 MP: 0/0
 10331 | D:7      | Reached skill level 10 in Spellcasting
 10489 | D:6      | HP: 2/73 [slime creature (16)]
 10524 | D:6      | Slain by a slime creature

Illustrated notes

Levels and vault maps discovered:
D:1:      tarquinn_simple_flora_water_c, layout_loops_ring,
          ebering_ecumenical_altar_petrified, minmay_door_square, minmay_3d_cube
D:2:      layout_rooms
D:3:      layout_loops_ring, uniq_terence, uniq_sigmund, uniq_crazy_yiuf_cottage
D:4:      layout_layer_cave, serial_forest, infiniplex_forest_straight_2,
          infiniplex_forest_straight_2, infiniplex_forest_clump_tiny,
          infiniplex_forest_lined_room_2, infiniplex_forest_straight_3,
          minmay_starry_boxes, uniq_pikel
D:5:      layout_rooms, kennysheep_little_box, minmay_temple_entry_large_hall,
          serial_undead, serial_undead_f, serial_undead_a, serial_undead_d,
          serial_undead_f, serial_undead_f, serial_undead_d,
          minmay_curled_crystal
D:6:      layout_basic
D:7:      layout_basic, nicolae_grassy_gnolls

Skill      XL: |  1  2  3  4  5  6  7  8  9 10 |
---------------+-------------------------------+-----
Spellcasting   | 3 4 5 6 8 9 10 | 10.0
Fighting       | 5 6 |  6.4
Short Blades   | |  2.6

Action                   |  1- 3 |  4- 6 |  7- 9 | 10-12 || total
-------------------------+-------+-------+-------+-------++-------
Melee: Short sword       |    32 |       |       |       ||    32
       Quarterstaff      |       |       |     2 |       ||     2
 Cast: Scorch            |    25 |    30 |   127 |    41 ||   223
       Magic Dart        |    16 |    32 |    35 |    28 ||   111
       Poisonous Vapours |       |    13 |    54 |     1 ||    68
  Use: Scroll            |       |       |     8 |       ||     8
Armor: Robe              |     8 |     4 |    10 |       ||    22
Dodge: Dodged            |    24 |    10 |    33 |     7 ||    74

Table legend: (Time is in decaauts)
 A = Elapsed time spent in this place.
 B = Non-inter-level travel time spent in this place.
 C = Inter-level travel time spent in this place.
 D = Time resting spent in this place.
 E = Time spent auto-exploring this place.
 F = Levels seen in this place.
 G = Mean time per level.
                   A        B        C        D        E       F      G
               +--------+--------+--------+--------+--------+-----+--------+
         Total |  10528 |  10328 |    200 |    547 |   8742 |   7 | 1504.0 |
       Dungeon |  10528 |  10328 |    200 |    547 |   8742 |   7 | 1504.0 |
               +--------+--------+--------+--------+--------+-----+--------+

Top non-repeatable levels by time:
     D:3: 2152 daAuts
     D:6: 2018 daAuts
     D:5: 1963 daAuts
     D:4: 1681 daAuts
     D:1: 1292 daAuts
     D:2: 1253 daAuts
     D:7: 166 daAuts
